 Dungeon Crawl Stone Soup version 0.31.0-11-ge490571c62 (webtiles) character file.

Game seed: 12090376610281525178

45 qw the Shooter (level 3, 0/20 HPs)
             Began as a Deep Elf Hunter on Feb 4, 2024.
             Slain by a gnoll
             ... wielding a +0 spear
              (3 damage)
             ... on level 2 of the Dungeon.
             The game lasted 00:00:05 (1523 turns).

qw the Shooter (Deep Elf Hunter)                    Turns: 1523, Time: 00:00:05

Health: 0/20       AC:  6    Str: 10    XL:     3   Next: 42%
Magic:  5/5        EV:  9    Int: 13    God:
Gold:   24         SH:  0    Dex: 18    Spells: 2/2 levels left

rFire   . . .        a - +0 shortbow
rCold   . . .        (shield currently unavailable)
rNeg    . . .        j - +0 scale mail
rPois   .            (no helmet)
rElec   .            (no cloak)
rCorr   .            (no gloves)
SInv    .            (no boots)
Will    .....        (no amulet)
Stlth   +            (no ring)
HPRegen 0.23/turn    (no ring)
MPRegen 0.09/turn

%: no passive effects
@: about to teleport
A: no striking features
a: no special abilities


You were on level 2 of the Dungeon.
You visited 1 branch of the dungeon, and saw 2 of its levels.

You collected 24 gold pieces.


   Skills:
 - Level 1.5 Fighting
 + Level 7.0 Ranged Weapons
 - Level 2.4 Dodging
 - Level 1.2 Stealth


You had 2 spell levels left.
You didn't know any spells.
Your spell library was empty.

Inventory:

Hand Weapons
 a - a +0 shortbow (weapon)
Armour
 c - a +0 ring mail
 g - a +0 pair of boots
 j - a +0 scale mail (worn)
Scrolls
 d - a scroll of identify
 h - a scroll of vulnerability {unknown}
Potions
 b - a potion of degeneration {unknown}
 e - a potion of mutation {unknown}
 i - a potion of attraction {unknown}

Dungeon Overview and Level Annotations

Branches:
Dungeon (2/15)

Altars:


Message History

You see here a +0 leather armour.
You see here a +0 leather armour.
You open the large door.
A goblin, an adder and 4 gnolls come into view.
The adder hisses angrily.
The gnoll shouts! x4
Enter note:
Enter note:
Enter note:
Enter note:
Enter note:
Enter note:
1518 ||| RETREEEEATING.
The gnoll attacks as it pursues you! The gnoll misses you.
Found a leather armour.
Enter note:
Enter note:
Enter note:
Enter note:
Enter note:
Enter note:
1519 ||| RETREEEEATING.
Enter note:
Enter note:
Enter note:
Enter note:
Enter note:
Enter note:
1520 ||| RETREEEEATING.
The gnoll attacks as it pursues you! The gnoll hits you with a +0 flail!
Ouch! That really hurt!
You shoot an arrow. The arrow closely misses the gnoll.
The gnoll hits you with a +0 flail.
You shoot an arrow. The arrow hits the gnoll.
The gnoll is moderately wounded.
The gnoll barely misses you. x2; The gnoll hits you with a +0 flail.
1523 ||| READING scroll of teleportation.
As you read the scroll of teleportation, it crumbles to dust.
You feel strangely unstable.
The gnoll hits you from afar with a +0 spear.
You die...

######## ####
##++# #......#
#.. ~~..¤
#.####.#
#.###~.g.. #.#
#.# #@#.#¤.#
#.#
##[####g#.'..#
#.#
#......SgS'.g#
#.#
#..####.#.#~.#
#. #.# #..#
#...# ¤[.. #.#
#.###..# #####
¤ . #.#
#......# #.##
#####.## #.##
##..# ##...


You could see 2 gnolls and an adder.

Vanquished Creatures
  An adder (D:2)
  A dart slug (D:1)
  2 ball pythons
  4 endoplasms
  A giant cockroach (D:1)
  2 goblins (D:1)
  5 hobgoblins
  2 jackals (D:1)
  A quokka (D:1)
  2 bats
  2 frilled lizards
  4 kobolds
  3 rats
30 creatures vanquished.

Notes
Turn   | Place    | Note
-------+----------+-------------------------------------------
     0 | D:1      | qw the Deep Elf Hunter began the quest for the Orb.
     0 | D:1      | Reached XP level 1. HP: 12/12 MP: 3/3
     0 | D:1      | 0 ||| qw: Version: 0.3-a-160-g6735b56
     0 | D:1      | 0 ||| qw: Game counter: 5445
     0 | D:1      | 0 ||| qw: Melee chars always use a shield: true
     0 | D:1      | 0 ||| qw: God list: Okawaru
     0 | D:1      | 0 ||| qw: Allow faded altars: false
     0 | D:1      | 0 ||| qw: Do Orc after clearing Dungeon:15 true
     0 | D:1      | 0 ||| qw: Do second Lair branch before Depths: true
     0 | D:1      | 0 ||| qw: Lair rune preference: random
     0 | D:1      | 0 ||| qw: Goals: Normal
     0 | D:1      | 0 ||| PLANNING D:1-11
   356 | D:1      | Reached skill level 6 in Ranged Weapons
   356 | D:1      | Reached XP level 2. HP: 11/16 MP: 4/4
   900 | D:1      | 900 ||| UPGRADING to +0 scale mail.
   910 | D:1      | 910 ||| DROPPING +0 leather armour.
   911 | D:1      | 911 ||| READING scroll labelled HEAQOTACVI.
   912 | D:1      | 912 ||| READING scroll labelled ZYKUIRRATZY.
   913 | D:1      | 913 ||| READING 2 scrolls labelled OQIFAAFFUP.
   917 | D:1      | 917 ||| READING scroll labelled BIXZIB CO QOBAE.
   917 | D:1      | 917 ||| IDENTIFYING puce potion
   918 | D:1      | 918 ||| READING scroll labelled OJIQUE JUOTA.
   919 | D:1      | 919 ||| DROPPING scroll of butterflies.
   920 | D:1      | 920 ||| DROPPING potion of invisibility.
  1162 | D:2      | Reached XP level 3. HP: 20/20 MP: 5/5
  1441 | D:2      | Reached skill level 7 in Ranged Weapons
  1518 | D:2      | 1518 ||| RETREEEEATING.
  1519 | D:2      | 1519 ||| RETREEEEATING.
  1520 | D:2      | 1520 ||| RETREEEEATING.
  1522 | D:2      | HP: 3/20 [gnoll/+0 flail (3)]
  1523 | D:2      | 1523 ||| READING scroll of teleportation.
  1523 | D:2      | Slain by a gnoll

Levels and vault maps discovered:
D:1:      nzn_arrival_crosshair, layout_basic
D:2:      layout_loops_corners, kennysheep_generic_room_6

Skill      XL: |  1  2  3 |
---------------+----------+-----
Ranged Weapons | 6 7 |  7.0
Fighting       | |  1.5
Dodging        | |  2.4
Stealth        | |  1.2

Action                     || total
---------------------------++-------
   Fire: Shortbow          ||    69
    Use: Scroll            ||     6
 Armour: Leather armour    ||    13
         Scale mail        ||    11
  Dodge: Dodged            ||    26

Table legend:
 A = Non-vault XP
 B = Vault XP
 C = Vault XP percentage of total XP
 D = Non-vault monster count
 E = Vault monster count
 F = Vault count percentage of total count
                 A         B        C        D         E       F
            +---------+---------+-------+---------+---------+-------
      Total |      65 |       0 |   0.0 |      30 |       0 |   0.0
            +---------+---------+-------+---------+---------+-------
        D:1 |      34 |       0 |   0.0 |      18 |       0 |   0.0
        D:2 |      31 |       0 |   0.0 |      12 |       0 |   0.0
            +---------+---------+-------+---------+---------+-------
